Map: Cosmic Sapphire

Players

A.I. 1 (Harder)

  • Race: Zerg Zerg
  • Spawn Location: 11:00

Tino - Winner!

  • Race: Protoss Protoss
  • Spawn Location: 5:00

VOD

Have the link to the VOD?

Description

Time

  • Played on: Feb. 2, 2023, 4:45 p.m.
  • Length: 10:58
Show
View Real Time Build Order
Export as new Build Order

A.I. 1 (Harder) Zerg 

Build Orders: 1 Base Baneling Bust, Pool First 

Get SALT Encoding   

  12  0:00  Drone  
  13  0:12  Overlord  
  13  0:16  Drone  
  14  0:31  Drone x2  
  16  0:42  Spawning Pool  
  15  0:45  Drone  
  15  0:49  Drone  
  17  0:52  Extractor  
  17  0:56  Drone  
  17  1:06  Overlord  
  17  1:30  Queen  
  17  1:31  Zergling x2  
  20  1:36  Roach Warren  
  20  1:38  Drone  
  20  1:42  Extractor  
  20  1:43  Zergling x2  
  20  1:49  Drone  
  21  2:00  Drone  
  22  2:10  Overlord  
  22  2:21  Drone  
  23  2:32  Roach  
  25  2:37  Drone  
  25  2:40  Overlord  
  25  2:44  Roach  
  28  2:55  Roach  
  30  3:06  Overlord, Roach  
  32  3:14  Drone  
  32  3:17  Drone  
  32  3:18  Roach  
  36  3:22  Drone  
  37  3:29  Ravager x4  
  37  3:33  Roach  
  43  3:44  Roach  
  43  3:45  Overlord  
  45  3:54  Drone  
  46  3:56  Roach  
  48  4:03  Drone  
  48  4:09  Drone, Baneling Nest  
  49  4:12  Drone, Roach  
  49  4:17  Overlord  
  52  4:23  Evolution Chamber  
  52  4:24  Roach  
  53  4:31  Drone  
  54  4:43  Roach  
  56  6:20  Lair, Zergling x2  
  56  6:21  Overlord, Zerg Melee Weapons Level 1  
  56  6:22  Spore Crawler  
  56  6:24  Spore Crawler  
  55  6:26  Zergling x2  
  55  6:30  Drone, Hatchery  
  55  6:32  Zergling x2  
  57  6:54  Spine Crawler  
  56  6:55  Drone  
  57  7:02  Spine Crawler, Zergling x2  
  56  7:09  Zergling x2  
  50  7:18  Burrow  
  50  7:21  Roach  
  48  7:22  Hydralisk Den  
  48  7:25  Infestation Pit  
  48  7:26  Roach  
  46  7:30  Metabolic Boost  
  46  7:35  Roach  
  48  7:40  Roach  
  48  7:42  Drone x2  
  48  7:43  Drone x4  
  48  7:44  Drone  
  57  7:51  Hydralisk  
  57  7:52  Drone  
  57  7:54  Extractor  
  57  7:55  Drone  
  57  7:57  Drone, Hydralisk  
  63  8:03  Drone, Hydralisk  
  66  8:13  Drone  
  66  8:14  Drone  
  66  8:15  Zerg Missile Weapons Level 1  
  68  8:24  Drone  
  68  8:25  Overlord  
  68  8:26  Infestor  
  72  8:27  Drone x2  
  73  8:35  Drone  
  73  8:37  Drone  
  75  8:46  Drone, Spore Crawler  
  75  8:47  Drone  
  76  8:49  Overseer  
  76  8:56  Overlord  
  76  8:57  Hydralisk, Spore Crawler  
  76  8:58  Drone x2, Hydralisk  
  76  8:59  Drone  
  76  9:00  Hydralisk  
  67  9:04  Overseer  
  67  9:07  Zergling x2  
  53  9:10  Drone  
  54  9:18  Drone  
  54  9:20  Infestor  
  55  9:26  Extractor  
  55  9:29  Roach  
  53  9:31  Drone  
  53  9:34  Zergling x2  
  53  9:35  Infestor, Queen  
  50  9:39  Drone, Hydralisk  
  50  9:43  Queen  
  38  9:46  Zergling x2  
  32  9:55  Hydralisk  
  32  10:01  Hydralisk  
  32  10:02  Roach, Zergling x2  
  34  10:07  Hydralisk, Drone x2  
  31  10:18  Drone x2  
  31  10:25  Drone  
  24  10:29  Zergling x2  
  23  10:39  Drone  
Show
View Real Time Build Order
Export as new Build Order

Tino Protoss - Winner!

Build Orders: 1 Gate Expand, Chargelot Immortal 

Get SALT Encoding   

  12  0:00  Probe  
  13  0:13  Probe  
  14  0:21  Pylon  
  14  0:25  Probe  
  15  0:39  Probe (Chrono Boost)  
  16  0:47  Gateway  
  17  0:50  Probe (Chrono Boost)  
  17  0:55  Probe (Chrono Boost)  
  18  1:04  Assimilator  
  18  1:09  Probe  
  19  1:21  Probe  
  20  1:32  Nexus  
  20  1:39  Cybernetics Core  
  20  1:52  Assimilator, Probe  
  21  2:04  Probe  
  22  2:17  Probe  
  23  2:27  Pylon  
  23  2:31  Pylon  
  23  2:34  Stalker  
  23  2:35  Warp Gate (Chrono Boost)  
  25  2:51  Probe (Chrono Boost)  
  25  2:58  Probe (Chrono Boost)  
  27  3:01  Probe (Chrono Boost)  
  29  3:06  Probe x2 (Chrono Boost)  
  30  3:16  Probe  
  30  3:17  Probe  
  30  3:18  Robotics Facility  
  32  3:21  Adept (Chrono Boost)  
  34  3:28  Probe  
  34  3:30  Probe  
  36  3:40  Probe  
  37  3:42  Probe, Adept  
  37  3:45  Gateway  
  37  3:46  Gateway  
  40  3:53  Probe  
  41  3:59  Probe  
  42  4:06  Observer (Chrono Boost)  
  42  4:07  Assimilator  
  42  4:09  Assimilator  
  43  4:12  Adept  
  43  4:17  Probe x2  
  47  4:20  Immortal (Chrono Boost)  
  51  4:29  Probe x2  
  53  4:37  Twilight Council  
  53  4:39  Gateway  
  53  4:41  Gateway, Probe  
  53  4:42  Gateway  
  53  4:43  Gateway  
  54  4:46  Gateway  
  54  4:48  Pylon  
  54  4:51  Pylon  
  54  4:54  Pylon  
  54  4:59  Pylon  
  54  5:06  Probe  
  55  5:14  Resonating Glaives (Chrono Boost)  
  55  5:15  Adept  
  55  5:16  Adept x2  
  61  5:21  Immortal (Chrono Boost)  
  65  5:31  Pylon  
  65  5:49  Probe x2  
  67  5:52  Zealot x7  
  67  5:54  Zealot  
  83  6:20  Templar Archives  
  83  6:22  Robotics Bay  
  83  6:28  Zealot  
  83  6:29  Zealot x4  
  93  6:37  Pylon  
  93  6:40  Pylon, Charge  
  93  6:42  Pylon  
  93  6:45  Pylon  
  93  6:55  Warp Prism  
  85  7:12  Zealot x5  
  85  7:13  Zealot x3  
  85  7:43  Immortal (Chrono Boost)  
  89  8:12  Immortal (Chrono Boost)  
  93  8:22  Nexus  
  93  8:24  Pylon  
  93  8:26  Forge  
  93  8:28  Forge  
  93  8:43  Disruptor  
  82  9:12  Stalker  
  84  9:21  Zealot x3  
  84  9:22  Zealot x4  
  98  10:00  Photon Cannon  
  98  10:02  Photon Cannon  
  98  10:04  Pylon  
  98  10:07  Photon Cannon  
  98  10:11  Assimilator  
  96  10:15  Assimilator  
  86  10:41  Zealot x8  
Tags
 
Add a new tag
Caveats
  • Supply blocks, unpowered buildings, or Contaminate may cause inaccurate times.
  • Supply counts are checked every 10 seconds.